 Dungeon Crawl Stone Soup version 0.29.0-11-gd7f09526c8 (webtiles) character file.

Game seed: 725669084760167352

1168 concernfroge the Poker (level 8, -2/61 HPs)
             Began as a Mummy Monk on Sept 3, 2022.
             Slain by an orc warrior
             ... wielding a +0 dire flail
              (13 damage)
             ... on level 5 of the Dungeon.
             The game lasted 00:16:37 (4556 turns).

concernfroge the Poker (Mummy Monk)                 Turns: 4556, Time: 00:16:37

Health: -2/61      AC: 12    Str: 16    XL:     8   Next: 17%
Magic:  8/8        EV:  5    Int:  9    God:
Gold:   196        SH:  0    Dex: 15    Spells: 7/7 levels left

rFire   . . .      SeeInvis .   e - +0 trident
rCold   . . .      Faith    .   (no shield)
rNeg    + + +      Spirit   .   d - +0 plate armour
rPois   ∞          Reflect  .   (no helmet)
rElec   .          Harm     .   c - +1 cloak
rCorr   .          Rampage  .   (no gloves)
Will    +....                   (no boots)
Stlth   ..........              (no amulet)
HPRegen 0.20/turn               f - ring of fire
MPRegen 0.11/turn               (no ring)

@: no status effects
A: cold resistance 1, negative energy resistance 3, torment resistance 2, heat
vulnerability 1, in touch with death 1, no potions
a: no special abilities


You were on level 5 of the Dungeon.
You visited 1 branch of the dungeon, and saw 5 of its levels.

You collected 196 gold pieces.

Inventory:

Hand Weapons
 e - a +0 trident (weapon)
Missiles
 a - 2 boomerangs (quivered)
Armour
 c - a +1 cloak (worn)
 d - a +0 plate armour (worn)
Jewellery
 f - a ring of fire (left hand)
 g - a ring of ice
Wands
 j - a wand of iceblast (1)
Scrolls
 b - a scroll of noise


   Skills:
 - Level 4.4 Fighting
 + Level 7.7 Polearms
 - Level 1.2 Armour
 - Level 2.9 Dodging
 - Level 1.5 Stealth


You had 7 spell levels left.
You didn't know any spells.
Your spell library was empty.

Dungeon Overview and Level Annotations

Branches:
Dungeon (5/15)
 Temple: D:4-7

Altars:
Vehumet

Shops:
D:1 (

Annotations:
D:5 1 transporter, xian's ghost, weakling OgDe


Innate Abilities, Weirdness & Mutations

You are immune to poison.
Your flesh is cold resistant. (rC+)
You are immune to negative energy. (rN+++)
You are immune to unholy pain and torment.
You are vulnerable to heat. (rF-)
You are in touch with the powers of death.
You do not drink.


Message History

Aim: a phantom (about 47% to evade your +0 trident)
You reach to attack!
You puncture the phantom!
The phantom is moderately damaged.
The scorpion stings you.
* * * LOW HITPOINT WARNING * * *
Reach: e) +0 trident
Press: ? - help, Dir - move target, f - iguana, p - phantom
Aim: an iguana (about 34% to evade your +0 trident)
The scorpion is in the way.
You hit the scorpion.
The scorpion is almost dead.
The scorpion stings you.
* * * LOW HITPOINT WARNING * * *
You hit the scorpion but do no damage.
The scorpion is almost dead.
The scorpion stings you but does no damage.
You hit the scorpion but do no damage.
The scorpion is almost dead.
The scorpion stings you but does no damage.
The scorpion attacks as you move away! The scorpion stings you.
* * * LOW HITPOINT WARNING * * *
An orc warrior comes into view. It is wielding a +0 dire flail.
The orc warrior shouts!
You hear an angry hiss.
The orc warrior hits you but does no damage.
The scorpion stings you but does no damage.
Aiming: Iceblast
Press: ? - help, Shift-Dir - straight line
Okay, then.
Okay, then.
Aiming: Iceblast
Press: ? - help, Shift-Dir - straight line, p - iguana
Okay, then.
The scorpion attacks as you move away! The scorpion barely misses you.
The scorpion stings you but does no damage.
You puncture the scorpion!
You kill the scorpion!
Sorry, you're not good enough to have a special ability.
Okay, then.
You closely miss the orc warrior.
The orc warrior hits you with a +0 dire flail!
You die...

### ## #.# .# #.. #######.# #.#
#....#P.## #.# #.##.~~~~# #.#
#.##.~~~~# #@#
#####.##.~~♣####o##.#.#
..........♣~.W.l........ .>
....#..#.##....#.#..#....# #.
......)#....##.#.#.## #. .##.
.....)l#..#.##.#.# #...#. ...
...†<#.#..#...<#.#.#...#.####~♣♣♣
..####.#..####†#.#.#...#...#♣♣~~≈
.......#..s............~~..♣~~~≈~


You could see an orc warrior and an iguana.

Vanquished Creatures
  3 ogres
  A gnoll sergeant (D:5)
  Blork the orc (D:4)
  A necrophage (D:5)
  4 scorpions
  A howler monkey (D:5)
  4 hounds
  3 jellies (D:5)
  2 iguanas
  An orc wizard (D:5)
  6 adders
  2 white imps (D:5)
  3 worms
  4 dart slugs (D:2)
  10 orcs
  5 ball pythons
  9 endoplasms
  2 giant cockroaches
  10 goblins
  5 hobgoblins
  6 jackals (D:2)
  2 kobolds (D:1)
  6 quokkas
  8 bats
  2 frilled lizards
  3 rats (D:2)
104 creatures vanquished.

Vanquished Creatures (others)
  30 plants
30 creatures vanquished.

Grand Total: 134 creatures vanquished

Notes
Turn   | Place    | Note
-------+----------+-------------------------------------------
     0 | D:1      | concernfroge the Mummy Monk began the quest for the Orb.
     0 | D:1      | Reached XP level 1. HP: 18/18 MP: 1/1
   262 | D:1      | Reached XP level 2. HP: 23/24 MP: 2/2
   317 | D:1      | Found Zenno's Weapon Shop.
   813 | D:1      | HP: 1/25 [worm (11)]
  1281 | D:2      | Gained mutation: You are in touch with the powers of death.
                  | [Mummy growth]
  1281 | D:2      | Reached XP level 3. HP: 28/30 MP: 3/3
  2085 | D:2      | Reached XP level 4. HP: 38/38 MP: 4/4
  2292 | D:2      | Reached skill level 1 in Armour
  2334 | D:2      | Found a faded altar of an unknown god.
  2534 | D:3      | Found a radiant altar of Vehumet.
  3140 | D:4      | Noticed an ogre
  3143 | D:4      | Noticed an ogre
  3145 | D:4      | Noticed a scorpion
  3155 | D:4      | Killed a scorpion
  3156 | D:4      | Reached skill level 3 in Polearms
  3156 | D:4      | Reached XP level 5. HP: 29/43 MP: 5/5
  3191 | D:4      | Noticed an ogre
  3202 | D:4      | Killed an ogre
  3203 | D:4      | Reached skill level 4 in Polearms
  3203 | D:4      | Reached XP level 6. HP: 29/49 MP: 6/6
  3246 | D:5      | Entered Level 5 of the Dungeon
  3510 | D:5      | Reached skill level 5 in Polearms
  3510 | D:5      | Reached XP level 7. HP: 31/55 MP: 7/7
  3708 | D:5      | Found a transporter.
  3710 | D:5      | Noticed xian's ghost (weakling OgDe)
  3743 | D:5      | Reached skill level 6 in Polearms
  3961 | D:5      | Noticed a shadow
  3966 | D:5      | Noticed a wyvern
  4453 | D:5      | Reached skill level 7 in Polearms
  4488 | D:4      | Noticed Blork the orc
  4491 | D:4      | Killed Blork the orc
  4492 | D:4      | Reached XP level 8. HP: 28/61 MP: 8/8
  4556 | D:5      | Slain by an orc warrior

Illustrated notes

Levels and vault maps discovered:
D:1:      dpeg_arrival_lava_altar, layout_rooms, serial_shops,
          nicolae_shop_bloodbath_and_beyond, corexii_corridor_pit
D:2:      minmay_skewed_foursquare, layout_rooms,
          shapermc_ecumenical_altar_petra, hangedman_abyss_or_decor_stabs
D:3:      layout_loops_ring, fiery_altar_vehumet, grunt_ministairs_13,
          item_on_display_a
D:4:      layout_cave_pools, st_stairs_1, kennysheep_generic_room_14,
          uniq_edmund, uniq_blork_the_orc
D:5:      cheibrodos_fzero, layout_basic, gammafunk_ghost_mausoleum,
          serial_bayou, serial_bayou_lagoon_b, serial_bayou_shore_b,
          serial_bayou_pond_d, serial_bayou_lake_a, serial_bayou_shore_b,
          serial_bayou_pond_b, grunt_ministairs_8, hex_large

Skill      XL: |  1  2  3  4  5  6  7 |
---------------+----------------------+-----
Fighting       | 4 |  4.4
Armour         | 1 |  1.2
Polearms       | 3 4 5 7 |  7.7
Dodging        | |  2.9
Stealth        | |  1.5

Action                   |  1- 3 |  4- 6 |  7- 9 || total
-------------------------+-------+-------+-------++-------
Melee: Spear             |   210 |    55 |       ||   265
       Punch             |     1 |       |     1 ||     2
       Trident           |       |   102 |    92 ||   194
Throw: Dart              |       |     4 |     4 ||     8
       Boomerang         |       |       |    18 ||    18
Evoke: Wand              |       |       |     8 ||     8
  Use: Scroll            |     6 |     6 |     3 ||    15
 Stab: Sleeping          |     4 |       |       ||     4
Armor: Robe              |    12 |       |       ||    12
       Plate armour      |    91 |   105 |    75 ||   271
Dodge: Dodged            |    78 |    39 |    28 ||   145
